 Dungeon Crawl Stone Soup version 0.30-a0-585-g93115170b9 (webtiles) character file.

Game seed: 6487931179790662281

8878 greasedhog the Carver (level 11, -15/90 HPs)
             Began as a Merfolk Fighter on Jan 3, 2023.
             Was a Priest of Okawaru.
             Demolished by Urug
             ... wielding a +4 scimitar of holy wrath
              (27 damage)
             ... on level 1 of the Lair of Beasts.
             The game lasted 00:20:22 (10656 turns).

greasedhog the Carver (Merfolk Fighter)            Turns: 10656, Time: 00:20:23

Health: -15/90     AC:  9    Str: 17    XL:     11   Next: 37%
Magic:  14/14      EV: 21    Int:  8    God:    Okawaru [***...]
Gold:   688        SH:  0    Dex: 17    Spells: 10/10 levels left

rFire   + . .      SeeInvis .    b - +4 long sword
rCold   + . .      Faith    .    c - +0 buckler
rNeg    . . .      Spirit   .    P - +2 leather armour {rC+}
rPois   +          Reflect  .    M - +1 helmet
rElec   .          Harm     .    v - +0 cloak
rCorr   +          Rampage  .    (no gloves)
Will    .....                    (no boots)
Stlth   +                        I - amulet of regeneration
HPRegen 1.15/turn                t - ring "Jyrph" {rF+ rCorr}
MPRegen 0.14/turn                k - ring of poison resistance

@: confused, heroic, ambrosia-drunk
A: (nimble swimmer 2), mertail
a: Renounce Religion, Heroism


You were on level 1 of the Lair of Beasts.
You worshipped Okawaru.
Okawaru was most pleased with you.
You visited 3 branches of the dungeon, and saw 12 of its levels.

You collected 688 gold pieces.

Inventory:

Hand Weapons
 a - a +1 short sword of freezing
 b - a +4 long sword (weapon)
 x - a +1 scimitar of holy wrath
Missiles
 o - 7 javelins (quivered)
 B - 4 boomerangs
Armour
 c - a +0 buckler (worn)
 v - a +0 cloak (worn)
 M - a +1 helmet (worn)
 P - a +2 leather armour of cold resistance (worn)
Jewellery
 i - a ring of fire
 k - a ring of poison resistance (right hand)
 t - the ring "Jyrph" (left hand) {rF+ rCorr}
   (You acquired it on level 9 of the Dungeon)

   [ring of resist corrosion]

   rF:        It protects you from fire.
   rCorr:     It protects you from acid and corrosion.
 y - a ring of protection from cold
 I - an amulet of regeneration (around neck)
 J - a ring of protection from fire
 N - a ring of see invisible
Wands
 j - a wand of iceblast (25)
 p - a wand of mindburst (26)
 u - a wand of polymorph (3)
 z - a wand of quicksilver (4)
 O - a wand of flame (10)
Scrolls
 f - 6 scrolls of teleportation
 m - a scroll of silence
 n - 2 scrolls of immolation
 s - a scroll of fog {unknown}
 C - a scroll of blinking
 G - a scroll of enchant weapon {unknown}
 H - 2 scrolls of amnesia {unknown}
 K - a scroll of magic mapping {unknown}
 L - a scroll of fear {unknown}
Potions
 d - 4 potions of might
 e - 8 potions of curing
 g - 2 potions of berserk rage
 h - a potion of invisibility
 l - 4 potions of flight
 q - a potion of ambrosia
 r - 2 potions of cancellation
 w - a potion of attraction
 A - 4 potions of lignification
 D - a potion of brilliance
 F - 3 potions of heal wounds {unknown}


   Skills:
 - Level 10.1(15.1) Fighting
 * Level 14.1(19.1) Long Blades
 - Level 2.1(7.1) Armour
 * Level 10.5(15.5) Dodging
 - Level 3.0(8.0) Shields
 + Level 5.2 Invocations


You had 10 spell levels left.
You didn't know any spells.
Your spell library contained the following spells:

 Spells                   Type           Power      Damage    Failure   Level
 Apportation              Tloc           0%         N/A       54%         1
 Foxfire                  Conj/Fire      0%         2x1d4     54%         1
 Freeze                   Ice            0%         1d3       54%         1
 Sandblast                Erth           0%         2d4       54%         1
 Ensorcelled Hibernation  Hex/Ice        0%         N/A       67%         2
 Momentum Strike          Conj/Tloc      0%         3d8       67%         2
 Passwall                 Tmut/Erth      0%         N/A       67%         2
 Frozen Ramparts          Ice            0%         1d1       88%         3
 Hailstorm                Conj/Ice       0%         3d3       88%         3
 Ignite Poison            Fire/Tmut/Pois 0%         N/A       88%         3
 Kindle Blastsparks       Fire/Tloc/Air  0%         2d10      88%         3
 Spider Form              Tmut/Pois      0%         N/A       88%         3
 Swiftness                Air            0%         N/A       88%         3
 Anguish                  Hex/Necr       0%         N/A       99%         4
 Leda's Liquefaction      Hex/Erth       0%         N/A       99%         4
 Borgnjor's Vile Clutch   Necr/Erth      0%         N/A       100%        5
 Freezing Cloud           Conj/Ice/Air   0%         6-21      100%        5
 Ignition                 Fire           0%         3d3       100%        8
 Summon Small Mammal      Summ           Unusable   N/A       N/A         1

Dungeon Overview and Level Annotations

Branches:
Dungeon (10/15)            Temple (1/1) D:6            Lair (1/5) D:8
    Orc (0/2) D:9

Altars:
Ashenzari
Cheibriados
Dithmenos
Elyvilon
Fedhas
Gozag
Hepliaklqana
Kikubaaqudgha
Makhleb
Nemelex Xobeh
Okawaru
Qazlal
Ru
Sif Muna
Trog
Uskayaw
Vehumet
Wu Jian
Xom
Yredelemnul
Zin
The Shining One

Shops:
D:3 (

Annotations:
D:4 3 runed translucent doors, yumyumyeen's ghost, amateur DgFi
D:5 2 transporters
Lair:1 Urug


Innate Abilities, Weirdness & Mutations

((You are very nimble when in or above water. (Stealth+, EV+, Speed+++)))
Your lower body shifts to a powerful aquatic tail in water.


Message History

Urug throws a silver javelin.
The silver javelin pierces through you.
Okay, then.
Urug squints and says, "My one eye mightn't be all that good, but I can see you just fine with it, harpy."
Urug hits you with a +4 scimitar of holy wrath!!
Things that are here:
a potion of curing; a bullfrog corpse You barely miss Urug.
You block Urug's attack.
You slash Urug!
Urug is lightly wounded.
You slash Urug!
Urug is moderately wounded.
Urug hits you with a +4 scimitar of holy wrath!
You hit Urug but do no damage.
Urug is moderately wounded.
Urug hits you with a +4 scimitar of holy wrath!
You hit Urug.
Urug is moderately wounded.
Urug hits you with a +4 scimitar of holy wrath!
Throw: throwing net
Press: ? - help, Shift-Dir - straight line, f - Urug
Aim: Urug, wielding a +4 scimitar of holy wrath, wearing a +0 scale mail and quivering silver javelins (moderately wounded, 63% to hit)
You throw a throwing net. The throwing net barely misses Urug.
Aiming: Mindburst
Press: ? - help, Shift-Dir - straight line, f/p - Urug
Aim: Urug, wielding a +4 scimitar of holy wrath, wearing a +0 scale mail and quivering silver javelins (moderately wounded, chance to affect: 47%) Urug's mind is blasted.
Urug misses you.
Aiming: Mindburst
Press: ? - help, Shift-Dir - straight line, f/p - Urug
Aim: Urug, wielding a +4 scimitar of holy wrath, wearing a +0 scale mail and quivering silver javelins (moderately wounded, chance to affect: 47%) Urug's mind is blasted!
You block Urug's attack.
Aiming: Mindburst
Press: ? - help, Shift-Dir - straight line, f/p - Urug
Aim: Urug, wielding a +4 scimitar of holy wrath, wearing a +0 scale mail and quivering silver javelins (heavily wounded, chance to affect: 47%) Urug's mind is blasted!
Urug hits you with a +4 scimitar of holy wrath!!
* * * LOW HITPOINT WARNING * * *
You are confused.
You feel invigorated.
Urug hits you with a +4 scimitar of holy wrath!!
You die...

#..# ##..#
. #...##
..##
#P...#
....#
#...#
#...##.†.#
$...##..#
#..#<.#
#o@..#
##...#
###.# #.#
... #.#.
#. . ..


You could see Urug.

Vanquished Creatures
  A two-headed ogre (D:9)
  A manticore (D:10)
  Maggie (D:7)
  A cane toad (Lair:1)
  A troll (D:8)
  Grinder (D:4)
  Prince Ribbit (D:7)
  A ynoxinul (D:8)
  5 yaks (D:9)
  A shadow (D:10)
  3 steam dragons (D:9)
  2 wargs (D:8)
  Menkaure (D:7)
  An acid dragon (D:9)
  2 water moccasins (D:8)
  9 orc warriors
  A swamp drake (D:9)
  An ogre (D:6)
  4 centaurs
  2 necrophages (D:6)
  4 bullfrogs
  7 scorpions
  6 wights
  5 killer bees (D:9)
  2 howler monkeys (D:8)
  Crazy Yiuf (D:4)
  5 orc priests
  2 gnoll boudas
  5 hounds
  2 jellies
  4 iguanas
  Ijyb (D:4)
  Terence (D:2)
  16 orc wizards
  Natasha (thrice) (D:2)
  Robin (D:2)
  18 gnolls
  An adder (D:3)
  3 white imps
  3 ufetubi
  2 worms
  A dart slug (D:1)
  43 orcs
  10 ball pythons
  6 endoplasms
  6 giant cockroaches
  14 goblins
  3 hobgoblins
  4 quokkas
  2 bats
  2 frilled lizards
  2 kobolds
  4 rats
229 creatures vanquished.

Vanquished Creatures (collateral kills)
  Pikel (D:5)
  An ogre (D:5)
2 creatures vanquished.

Vanquished Creatures (others)
  An orc wizard (D:4)
  A fungus (Lair:1)
  4 plants
6 creatures vanquished.

Grand Total: 237 creatures vanquished

Notes
Turn   | Place    | Note
-------+----------+-------------------------------------------
     0 | D:1      | greasedhog the Merfolk Fighter began the quest for the Orb.
     0 | D:1      | Reached XP level 1. HP: 18/18 MP: 1/1
   223 | D:1      | Reached XP level 2. HP: 23/24 MP: 2/2
   586 | D:2      | Noticed Natasha
   590 | D:2      | Killed Natasha
   591 | D:2      | Reached skill level 3 in Long Blades
   591 | D:2      | Reached XP level 3. HP: 30/30 MP: 3/3
   719 | D:2      | Noticed Natasha
   746 | D:2      | Killed Natasha
   747 | D:2      | Reached skill level 4 in Long Blades
   747 | D:2      | Reached XP level 4. HP: 10/38 MP: 4/4
   799 | D:2      | Noticed Robin
   803 | D:2      | Identified the +0 robe of the Thunderstorm {Str+4}
   804 | D:2      | Killed Robin
   834 | D:2      | Noticed Natasha
   838 | D:2      | Killed Natasha
   839 | D:2      | Reached XP level 5. HP: 36/43 MP: 5/5
  1194 | D:2      | Noticed Terence
  1199 | D:2      | Killed Terence
  1200 | D:2      | Reached skill level 5 in Fighting
  1922 | D:3      | Got the Vellum of Underground Soot
  1962 | D:3      | Reached skill level 5 in Long Blades
  1997 | D:3      | Found Upsar's Weapon Shop.
  2115 | D:3      | Reached skill level 1 in Dodging
  2472 | D:4      | Reached XP level 6. HP: 23/51 MP: 6/6
  2700 | D:4      | Found a runed translucent gate.
  2700 | D:4      | Found a runed translucent gate.
  2702 | D:4      | Found a runed translucent gate.
  2705 | D:4      | Noticed yumyumyeen's ghost (amateur DgFi)
  2710 | D:4      | Noticed a two-headed ogre
  2756 | D:4      | Noticed Grinder
  2761 | D:4      | Paralysed by Grinder for 5 turns
  2776 | D:4      | Killed Grinder
  2777 | D:4      | Reached skill level 6 in Long Blades
  2777 | D:4      | Reached XP level 7. HP: 43/56 MP: 7/7
  2979 | D:4      | Noticed Ijyb
  2987 | D:4      | Killed Ijyb
  3042 | D:4      | Reached skill level 7 in Long Blades
  3042 | D:4      | Reached skill level 5 in Dodging
  3558 | D:4      | Found a runed translucent door.
  3559 | D:4      | Noticed Crazy Yiuf
  3672 | D:5      | Entered Level 5 of the Dungeon
  3696 | D:5      | Found a shadowy altar of Dithmenos.
  3926 | D:5      | Noticed Pikel
  3938 | D:5      | Reached XP level 8. HP: 52/62 MP: 8/8
  3949 | D:5      | Killed Pikel
  3950 | D:5      | Reached skill level 8 in Long Blades
  3958 | D:5      | Reached skill level 9 in Long Blades
  4047 | D:5      | Found an ancient bone altar of Kikubaaqudgha.
  4047 | D:5      | Found a transporter.
  4158 | D:5      | Found a transporter.
  4748 | D:5      | Reached XP level 9. HP: 64/68 MP: 9/9
  4939 | D:6      | Reached skill level 10 in Long Blades
  5249 | D:6      | Found an opulent altar of Gozag.
  5249 | D:6      | Found a hide-covered altar of Uskayaw.
  5249 | D:6      | Found a shimmering altar of Xom.
  5254 | D:6      | Found a radiant altar of Vehumet.
  5353 | D:6      | Found a staircase to the Ecumenical Temple.
  5362 | Temple   | Entered the Ecumenical Temple
  5583 | Temple   | Became a worshipper of Warmaster Okawaru
  6009 | D:7      | Noticed Prince Ribbit
  6017 | D:7      | Killed Prince Ribbit
  6018 | D:7      | Reached skill level 10 in Dodging
  6046 | D:7      | Noticed Menkaure
  6056 | D:7      | Killed Menkaure
  6056 | D:7      | Reached * piety under Okawaru
  6140 | D:7      | Reached skill level 11 in Long Blades
  6600 | D:7      | Noticed Maggie
  6618 | D:7      | Killed Maggie
  6965 | D:4      | Killed Crazy Yiuf
  7260 | D:8      | Noticed a troll
  7267 | D:8      | Reached XP level 10. HP: 74/79 MP: 10/10
  7274 | D:8      | Reached skill level 12 in Long Blades
  7274 | D:8      | Reached skill level 1 in Invocations
  7500 | D:8      | Found a bloodstained altar of Trog.
  7535 | D:8      | Reached ** piety under Okawaru
  7537 | D:8      | Found a shimmering blue altar of Sif Muna.
  7541 | D:8      | Got Sif Muna's Disquisition on Blinking Apparitions
  7657 | D:8      | Found a staircase to the Lair.
  8464 | D:9      | Identified a scroll of acquirement
  8465 | D:9      | Acquired the ring "Jyrph" {rF+ rCorr}
  8510 | D:8      | Noticed a rust devil
  8510 | D:8      | Noticed a rust devil
  8573 | D:9      | Noticed a two-headed ogre
  8580 | D:9      | Killed a two-headed ogre
  8581 | D:9      | Reached skill level 13 in Long Blades
  8692 | D:9      | Found an ornate altar of the Wu Jian Council.
  9111 | D:9      | Reached *** piety under Okawaru
  9352 | D:9      | Reached XP level 11. HP: 89/89 MP: 14/14
  9518 | D:9      | Found a staircase to the Orcish Mines.
  9809 | D:10     | Entered Level 10 of the Dungeon
 10092 | D:10     | Noticed a manticore
 10118 | D:10     | Reached skill level 10 in Fighting
 10124 | D:10     | Killed a manticore
 10125 | D:10     | Reached skill level 14 in Long Blades
 10125 | D:10     | Reached skill level 5 in Invocations
 10147 | D:10     | Identified the +4 ring mail "Reagiose" {rC+ Int+6}
 10609 | Lair:1   | Entered Level 1 of the Lair of Beasts
 10642 | Lair:1   | Noticed Urug
 10656 | Lair:1   | Demolished by Urug

Illustrated notes

Levels and vault maps discovered:
D:1:      lemuel_arrival_broad_hall, layout_loops_ring
D:2:      layout_loops_ring, uniq_natasha, uniq_robin, uniq_terence
D:3:      layout_loops_ring, serial_shops, shop, serial_glass, glass_columns_c,
          glass_columns_a, minmay_crystal_water, grunt_ministairs_1,
          serial_bayou_ford_a
D:4:      layout_basic, gammafunk_ghost_split,
          minmay_a_box_with_orc_wizards_in_it, uniq_grinder,
          uniq_crazy_yiuf_cottage, uniq_ijyb
D:5:      gammafunk_wand_slinger, layout_basic, mainiacjoe_overflow_catwalk,
          mainiacjoe_overflow_concentric_impassable, uniq_pikel
D:6:      layout_gridville, chequers_temple_overflow_statue_of_worship,
          minmay_temple_entry_junction_2, minmay_misc_feat_pillars
D:7:      layout_gridville, uniq_maggie, uniq_menkaure, uniq_prince_ribbit1
D:8:      cheibrodos_iron_armory, layout_rooms,
          nzn_overflow_gifts_of_might_and_magic, erik_lair_orcish_takeover
D:9:      layout_loops_ring, nicolae_wu_jian_immortal_techniques, erik_orc_1
D:10:     layout_rooms, dk_rats_in_the_wall
Temple:   oiseaux_autumnal_temple
Lair:1:   layout_cave_pods, uniq_harold, uniq_urug, uniq_amaemon

Skill      XL: |  1  2  3  4  5  6  7  8  9 10 11 |
---------------+----------------------------------+-----
Fighting       | 4 5 7 9 10 | 10.1
Long Blades    | 3 4 5 6 7 9 11 13 14 | 14.1
Dodging        | 2 4 6 8 10 | 10.5
Invocations    | 4 5 |  5.2
Armour         | |  2.1
Shields        | |  3.0

Action                   |  1- 3 |  4- 6 |  7- 9 | 10-12 || total
-------------------------+-------+-------+-------+-------++-------
Melee: Long sword        |    34 |   132 |   348 |   381 ||   895
       Tailslap          |       |     2 |       |       ||     2
Throw: Javelin           |    10 |     6 |    22 |     4 ||    42
       Throwing net      |       |       |       |     1 ||     1
Invok: Heroism           |       |       |     3 |     5 ||     8
Evoke: Wand              |       |    10 |     8 |     7 ||    25
  Use: Potion            |     1 |       |       |     3 ||     4
       Scroll            |       |     8 |     8 |     5 ||    21
 Stab: Distracted        |       |       |     1 |       ||     1
       Confused          |       |       |       |     1 ||     1
Armor: Scale mail        |    14 |     7 |       |       ||    21
       Ring mail         |       |    39 |   102 |       ||   141
       Steam dragon scal |       |       |       |    37 ||    37
       Leather armour    |       |       |       |    17 ||    17
Dodge: Dodged            |    18 |    46 |   233 |   206 ||   503
Block: Buckler           |     9 |    23 |    89 |    67 ||   188

Table legend: (Time is in decaauts)
 A = Elapsed time spent in this place.
 B = Non-inter-level travel time spent in this place.
 C = Inter-level travel time spent in this place.
 D = Time resting spent in this place.
 E = Time spent auto-exploring this place.
 F = Levels seen in this place.
 G = Mean time per level.
                   A        B        C        D        E       F      G
               +--------+--------+--------+--------+--------+-----+--------+
         Total |  10588 |   9641 |    947 |   1653 |   5933 |  12 |  882.3 |
       Dungeon |  10332 |   9412 |    920 |   1633 |   5760 |  10 | 1033.2 |
        Temple |    213 |    186 |     27 |      0 |    172 |   1 |  213.0 |
          Lair |     42 |     42 |      0 |     20 |      0 |   1 |   42.0 |
               +--------+--------+--------+--------+--------+-----+--------+

Top non-repeatable levels by time:
     D:4: 1536 daAuts
     D:9: 1449 daAuts
     D:7: 1146 daAuts
     D:5: 1105 daAuts
     D:2: 1059 daAuts
     D:6: 1035 daAuts
     D:3: 962 daAuts
     D:8: 805 daAuts
    D:10: 638 daAuts
     D:1: 593 daAuts
  Temple: 213 daAuts
  Lair:1: 42 daAuts
